 Dungeon Crawl Stone Soup version 0.27.1-1-g398f81649c (webtiles) character file.

Game seed: 11520713940134956108

420 ZARRMARR the Magician (level 6, -1/42 HPs)
             Began as an Octopode Conjurer on Sept 13, 2021.
             Was an Initiate of Sif Muna.
             Slain by a white imp (3 damage)
             ... on level 5 of the Dungeon.
             The game lasted 00:15:30 (5394 turns).

ZARRMARR the Magician (Octopode Conjurer)           Turns: 5394, Time: 00:15:31

Health: -1/42      AC:  1    Str:  4 (6)  XL:     6   Next: 94%
Magic:  12/12      EV: 17    Int: 20 (23) God:    Sif Muna [......]
Gold:   170        SH:  0    Dex:  9 (10) Spells: 11/13 levels left

rFire    . . .     SeeInvis .   n - +2 dagger (venom)
rCold    . . .     Faith    .   (no shield)
rNeg     . . .     Spirit   .   (helmet restricted)
rPois    .         Reflect  .   l - amulet of magic regeneration
rElec    .         Harm     .   o - +4 ring of evasion
rCorr    .         Rampage  .   (no ring)
Will     .....                  (no ring)
Stlth    +++.......             (no ring)
HPRegen  0.14/turn              (no ring)
MPRegen  0.38/turn              (no ring)
                                (no ring)
                                (no ring)

@: attractive, flying, hasted, very quick
A: almost no armour, amphibious, 8 rings, camouflage 1, gelatinous body 1,
(nimble swimmer 1), tentacles
a: Renounce Religion


You were on level 5 of the Dungeon.
You worshipped Sif Muna.
Sif Muna was noncommittal.
You visited 2 branches of the dungeon, and saw 6 of its levels.

You collected 170 gold pieces.

Inventory:

Hand Weapons
 h - a +0 dagger of freezing
 n - a +2 dagger of venom (weapon)
Jewellery
 l - an amulet of magic regeneration (around mantle)
 o - a +4 ring of evasion (left tentacle)
Scrolls
 b - a scroll of enchant weapon
 c - a scroll of enchant armour
 d - 2 scrolls of teleportation
 e - a scroll of acquirement {unknown}
 i - a scroll of magic mapping
 k - 3 scrolls of holy word
 p - a scroll of immolation {unknown}
 q - a scroll of fear {unknown}
Potions
 a - a potion of curing
 m - a potion of degeneration


   Skills:
 - Level 3.0 Fighting
 - Level 2.0 Dodging
 - Level 2.6 Stealth
 + Level 4.2 Spellcasting
 - Level 4.0 Conjurations
 + Level 4.1 Translocations


You had 11 spell levels left.
You knew the following spells:

 Your Spells              Type           Power      Damage    Failure   Level
a - Magic Dart            Conj           80%        1d7       2%          1
c - Apportation           Tloc           40%        N/A       2%          1

Your spell library contained the following spells:

 Spells                   Type           Power      Damage    Failure   Level
 Searing Ray              Conj           40%        3d4       3%          2
 Animate Skeleton         Necr           8%         N/A       13%         1
 Corona                   Hex            4%         N/A       13%         1
 Summon Small Mammal      Summ           16%        N/A       13%         1
 Dazzling Flash           Conj/Hex       24%        N/A       17%         3
 Corpse Rot               Necr/Air       N/A        N/A       19%         2
 Poisonous Vapours        Pois/Air       8%         N/A       19%         2
 Iskenderun's Mystic Bla  Conj/Tloc      20%        2d6       24%         4
 Fulminant Prism          Conj/Hex       6%         3d7       50%         4
 Freezing Cloud           Conj/Ice/Air   4%         6-21      90%         5


Dungeon Overview and Level Annotations

Branches:
Dungeon (5/15)             Temple (1/1) D:4

Altars:
Ashenzari
Cheibriados
Fedhas
Gozag
Hepliaklqana
Kikubaaqudgha
Makhleb
Nemelex Xobeh
Okawaru
Qazlal
Ru
Sif Muna
Trog
Uskayaw
Vehumet
Wu Jian
Yredelemnul
The Shining One

Shops:
D:1 :   D:5 =

Annotations:
D:4 exclusion: phantom
D:5 Sigmund


Innate Abilities, Weirdness & Mutations

You cannot wear most types of armour.
You are amphibious.
You can wear up to eight rings at the same time.
Your skin changes colour to match your surroundings (Stealth+).
Your rubbery body absorbs attacks. (AC +1, EV +1)
((You are camouflaged near water. (Stealth+)))
You have tentacles for arms and can constrict up to eight enemies at once.


Message History

The water moccasin skeleton bites you!
* * * LOW HITPOINT WARNING * * *
You hit the water moccasin skeleton.
You squeeze the water moccasin skeleton.
The water moccasin skeleton is severely damaged.
You constrict the water moccasin skeleton.
The water moccasin skeleton barely misses you.
You hit the water moccasin skeleton.
You squeeze the water moccasin skeleton.
The water moccasin skeleton is almost destroyed.
You constrict the water moccasin skeleton.
The water moccasin skeleton misses you. x2
You hit the water moccasin skeleton.
You destroy the water moccasin skeleton!
Sif Muna accepts your kill. The white imp gestures at you.
The puff of frost hits you!
* * * LOW HITPOINT WARNING * * *
Your Translocations skill increases to level 4!
It was a potion of degeneration.
There was something very wrong with that liquid.
You feel weakened.
You feel dopey.
You feel clumsy.
It was a potion of flight.
You feel very buoyant.
You fly up into the air.
The white imp barely misses you.
It was a potion of attraction.
You feel attractive to monsters. The white imp gestures at you.
The puff of frost misses you.
It was a potion of haste.
You feel yourself speed up. The white imp barely misses you.
You hit the white imp but do no damage. You grab the white imp.
You constrict the white imp, but do no damage.
You hit the white imp but do no damage.
You constrict the white imp, but do no damage.
The white imp barely misses you.
You hit the white imp but do no damage.
You constrict the white imp, but do no damage.
The white imp hits you.
You die...

#####***** *,****
#...#####**###.#
##...#....,,..#.#
###<.....######.#.#
#.........#...#.#.###****
#...................,,,,*
#.........#..,#...##,#*,*
###......######....#.##:*****
#..>........@5..........,,,,,
#.##...#.#######...####,*****
#.*##.##.# #..##***,* *
#,**#.##.# ###≈≈≈**** *
*,**..##.# **≈5.≈≈** *
*,*#.#*#.# *≈≈⌠.⌠≈≈* * *,*#.*
#.# ***≈,.∩..≈* ** *,**,**#.#
**,*≈≈⌠.⌠≈≈* **, *,,,,,,,,*
**,,**≈≈.≈≈#***,,


You could see a white imp.

Vanquished Creatures
  A water moccasin skeleton (D:5)
  A centaur skeleton (D:4)
  A hound (D:4)
  A gnoll shaman (D:4)
  Natasha (thrice) (D:2)
  A hound skeleton (D:4)
  5 gnolls (D:4)
  6 adders
  A white imp (D:5)
  2 worms (D:2)
  3 dart slugs
  6 orcs (D:4)
  4 ball pythons
  3 endoplasms
  2 giant cockroaches
  6 goblins
  6 hobgoblins
  4 jackals (D:3)
  2 quokkas
  A bat (D:1)
  4 frilled lizards
  7 kobolds
  5 rats
75 creatures vanquished.

Notes
Turn   | Place    | Note
-------+----------+-------------------------------------------
     0 | D:1      | ZARRMARR the Octopode Conjurer began the quest for the Orb.
     0 | D:1      | Reached XP level 1. HP: 11/11 MP: 3/3
   127 | D:1      | Reached skill level 1 in Fighting
   238 | D:1      | Reached XP level 2. HP: 18/18 MP: 3/5
   269 | D:1      | Found a faded altar of an unknown god.
   269 | D:1      | Noticed a crimson imp
   325 | D:1      | Found Decij's Book Shoppe.
  1057 | D:2      | Reached XP level 3. HP: 25/25 MP: 4/6
  1248 | D:2      | Learned a level 1 spell: Apportation
  1354 | D:2      | Reached skill level 1 in Translocations
  1762 | D:2      | Noticed Natasha
  1767 | D:2      | Killed Natasha
  1768 | D:2      | Reached XP level 4. HP: 25/31 MP: 0/7
  2155 | D:2      | Noticed Natasha
  2163 | D:2      | Killed Natasha
  2164 | D:2      | Reached XP level 5. HP: 16/36 MP: 3/9
  2426 | D:2      | Noticed Natasha
  2435 | D:2      | Killed Natasha
  3684 | D:4      | Noticed a phantom
  3826 | D:4      | Found a staircase to the Ecumenical Temple.
  3841 | Temple   | Entered the Ecumenical Temple
  4043 | Temple   | Became a worshipper of Sif Muna the Loreminder
  4077 | D:4      | Reached XP level 6. HP: 24/42 MP: 9/11
  4292 | D:4      | Identified the +8 plate armour of Duaga {+Inv Int+3 Dex+4}
  5292 | D:5      | Entered Level 5 of the Dungeon
  5321 | D:5      | Noticed Sigmund
  5370 | D:5      | Found Veamog's Jewellery Emporium.
  5387 | D:5      | HP: 1/42 [white imp/puff of frost (11)]
  5394 | D:5      | Slain by a white imp

Illustrated notes

Levels and vault maps discovered:
D:1:      eino_arrival_cavern_b, layout_basic, serial_shops, shop,
          dreamdust_ecumenical_altar_sealed_demon, minmay_split_cup_small
D:2:      layout_rooms, uniq_natasha
D:3:      layout_basic
D:4:      layout_loops_ring, minmay_temple_entry_slanted
D:5:      layout_loops_corners, enter_ossuary_1, kennysheep_small_circle,
          uniq_crazy_yiuf_cottage, uniq_sigmund
Temple:   eino_narrow_crystal_temple

Skill      XL: |  1  2  3  4  5  6 |
---------------+-------------------+-----
Fighting       | 1 2 3 |  3.0
Translocations | 1 2 3 4 |  4.1
Spellcasting   | 3 4 |  4.2
Dodging        | |  2.0
Stealth        | |  2.6
Conjurations   | |  4.0

Action                   |  1- 3 |  4- 6 || total
-------------------------+-------+-------++-------
Melee: Unarmed           |    23 |       ||    23
       Constrict         |     7 |    17 ||    24
       Tentacles         |     3 |    15 ||    18
       Dagger            |     5 |    79 ||    84
 Cast: Magic Dart        |    61 |    93 ||   154
       Apportation       |     7 |    17 ||    24
  Use: Scroll            |       |     6 ||     6
       Potion            |       |     5 ||     5
 Stab: Sleeping          |       |     3 ||     3
Armor: Skin              |     1 |       ||     1
Dodge: Dodged            |    19 |    65 ||    84
